 Dungeon Crawl Stone Soup version 0.30.0-15-g856e2d3f33 (webtiles) character file.

Game seed: 5734882530054379837

355 SnakkuSnakku7 the Ruffian (level 6, -9/50 HPs)
             Began as a Ghoul Hexslinger on May 19, 2023.
             Was a Believer of Uskayaw.
             Mangled by a two-headed ogre
             ... wielding a +0 giant club
              (24 damage)
             ... on level 7 of the Dungeon.
             The game lasted 00:04:57 (2995 turns).

SnakkuSnakku7 the Ruffian (Ghoul Hexslinger)        Turns: 2995, Time: 00:04:58

Health: -9/50      AC:  8    Str: 16    XL:     6   Next: 63%
Magic:  6/6        EV: 10    Int:  8    God:    Uskayaw [**....]
Gold:   158        SH:  0    Dex:  9    Spells: 6/7 levels left

rFire   . .          .
                       - Unarmed
rCold   + . .        (no shield)
rNeg    + + +        e - +0 ring mail
rPois   ∞            n - +2 hat
rElec   .            j - +0 cloak
rCorr   .            (no gloves)
SInv    .            (no boots)
Will    .....        (no amulet) Stlth
                     (no ring)
HPRegen 0.00/turn    (no ring)
MPRegen 0.10/turn

%: no passive effects
@: inhibited regen
A: claws 1, cold resistance 1, negative energy resistance 3, inhibited
regeneration, torment resistance 2, devour on kill
a: Renounce Religion, Stomp, Line Pass


You were on level 7 of the Dungeon.
You worshipped Uskayaw.
Uskayaw was noncommittal.
You visited 1 branch of the dungeon, and saw 5 of its levels.

You collected 158 gold pieces.

Inventory:

Hand Weapons
 a - a +1 sling
Missiles
 m - 15 poisoned darts (quivered)
Armour
 c - a +0 robe
 d - a +0 leather armour
 e - a +0 ring mail (worn)
 j - a +0 cloak (worn)
 n - a +2 hat (worn)
Scrolls
 b - a scroll of poison
 h - a scroll of brand weapon {unknown}
 k - 2 scrolls of immolation
 l - 2 scrolls of magic mapping {unknown}
 o - a scroll of teleportation {unknown}
 p - 4 scrolls of amnesia {unknown}
 r - a scroll of vulnerability {unknown}
 u - a scroll of identify {unknown}
 v - a scroll of noise {unknown}
Potions
 f - a potion of ambrosia {unknown}
 g - 2 potions of flight {unknown}
 i - 3 potions of heal wounds {unknown}
 q - 2 potions of brilliance {unknown}
 s - a potion of mutation {unknown}
 t - a potion of resistance {unknown}


   Skills:
 + Level 2.9 Fighting
 - Level 1.7 Ranged Weapons
 - Level 3.2 Throwing
 - Level 1.7 Dodging
 + Level 4.8 Unarmed Combat
 - Level 1.0 Spellcasting
 - Level 2.4 Hexes


You had 6 spell levels left.
You knew the following spells:

 Your Spells              Type           Power      Damage    Failure   Level
a - Slow                  Hex            16%        N/A       28%         1

Your spell library contained the following spells:

 Spells                   Type           Power      Damage    Failure   Level
 Shock                    Conj/Air       0%         1d3       58%         1
 Inner Flame              Hex/Fire       2%         N/A       80%         3
 Portal Projectile        Hex/Tloc       4%         N/A       80%         3
 Swiftness                Air            0%         N/A       92%         3
 Cause Fear               Hex            2%         N/A       96%         4
 Airstrike                Air            0%         2d(0-16)  100%        4


Dungeon Overview and Level Annotations

Branches:
Dungeon (7/15)
 Temple: D:4-7

Altars:
Hepliaklqana
Uskayaw
Wu Jian

Annotations:
D:2 1 runed translucent door, Crazy Yiuf


Innate Abilities, Weirdness & Mutations

You are immune to poison.
You have sharp fingernails.
Your flesh is cold resistant. (rC+)
You are immune to negative energy. (rN+++)
You do not regenerate when monsters are visible.
You are immune to unholy pain and torment.
You thrive by killing the living.


Message History

A gnoll is wielding a +0 halberd of venom.
Found 11 gold pieces.
The gnoll shouts! x2
A gnoll comes into view. It is wielding a +0 spear.
The gnoll moves out of view.
The gnoll shouts!
You claw the gnoll!
The gnoll is severely wounded.
The hound bites you but does no damage.
You claw the gnoll!
You kill the gnoll!
The hound bites you. The hound barely misses you.
You closely miss the gnoll. The gnoll hits you with a +0 whip.
The hound bites you.
You closely miss the gnoll. The hound closely misses you.
The gnoll hits you from afar with a +0 spear.
The gnoll hits you but does no damage.
You claw the gnoll! You claw the gnoll.
The gnoll is almost dead.
The gnoll hits you from afar with a +0 spear.
The gnoll hits you with a +0 whip!
You can now pass through a line of other dancers.
You barely miss the gnoll.
The gnoll is almost dead.
The gnoll hits you from afar with a +0 spear.
The gnoll hits you with a +0 whip.
The two-headed ogre barely misses you. x2
You scratch the gnoll.
You kill the gnoll!
The gnoll hits you from afar with a +0 spear.
The gnoll hits you but does no damage.
The gnoll hits you from afar with a +0 halberd of venom.
Things that are here:
a +0 whip; a +0 flail The gnoll hits you with a +0 spear.
The gnoll closely misses you. The gnoll barely misses you.
The gnoll hits you from afar with a +0 halberd of venom.
* * * LOW HITPOINT WARNING * * *
The two-headed ogre attacks as you move away!
The two-headed ogre hits you with a +0 giant club!!
You die...

###.# ##### ...##.....
####..#......
............ #.$......
#..g... #...g#####
#..@Oh...# #.######.# ..
#.O...# #. ..# #.##### .
...#####.##############.
.....h.....O............
...################.#.#
#.#.# #O#.#


You could see a two-headed ogre, a hound and 2 gnolls.

Vanquished Creatures
  A centaur (D:4)
  A scorpion (D:4)
  An orc wizard (D:3)
  6 gnolls
  5 adders
  A worm (D:3)
  2 dart slugs (D:2)
  6 orcs (D:3)
  3 bats
  6 endoplasms
  5 giant cockroaches
  5 goblins
  5 hobgoblins
  3 jackals (D:1)
  4 quokkas
  11 ball pythons
  3 frilled lizards
  10 kobolds
  A rat (D:1)
79 creatures vanquished.

Notes
Turn   | Place    | Note
-------+----------+-------------------------------------------
     0 | D:1      | SnakkuSnakku7 the Ghoul Hexslinger began the quest for the
                  | Orb.
     0 | D:1      | Reached XP level 1. HP: 16/16 MP: 1/1
   173 | D:1      | Reached skill level 1 in Unarmed Combat
   207 | D:1      | Reached XP level 2. HP: 24/24 MP: 2/2
   636 | D:1      | Reached XP level 3. HP: 29/29 MP: 3/3
   883 | D:2      | Reached skill level 2 in Unarmed Combat
   933 | D:2      | Reached skill level 1 in Throwing
  1044 | D:2      | Reached XP level 4. HP: 36/36 MP: 4/4
  1146 | D:1      | Reached skill level 3 in Unarmed Combat
  1553 | D:2      | Reached XP level 5. HP: 35/41 MP: 5/5
  1722 | D:2      | Found a runed translucent door.
  1723 | D:2      | Noticed Crazy Yiuf
  2137 | D:3      | Found a hide-covered altar of Uskayaw.
  2137 | D:3      | Found an ornate altar of the Wu Jian Council.
  2137 | D:3      | Found a hazy altar of Hepliaklqana.
  2161 | D:3      | Became a worshipper of Uskayaw the Reveller
  2190 | D:3      | Reached * piety under Uskayaw
  2216 | D:3      | Reached ** piety under Uskayaw
  2710 | D:4      | Reached skill level 4 in Unarmed Combat
  2710 | D:4      | Reached XP level 6. HP: 43/48 MP: 6/6
  2901 | D:4      | You fall into a shaft and drop 3 floors!
  2940 | D:7      | Noticed a two-headed ogre
  2995 | D:7      | Mangled by a two-headed ogre

Illustrated notes

Levels and vault maps discovered:
D:1:      heliophobic_arrival_henge, layout_basic
D:2:      layout_loops_ring, serial_park_tiny_2, uniq_crazy_yiuf_cottage
D:3:      layout_rooms, gammafunk_temple_overflow_claw, serial_aquarium,
          aquarium_bridge_square [aquarium_subvault_wall,
          aquarium_subvault_bridge, aquarium_subvault_window,
          aquarium_subvault_bridge], aquarium_bridge_long_joined
          [aquarium_subvault_wall, aquarium_subvault_wall,
          aquarium_subvault_wall, aquarium_subvault_wall,
          aquarium_subvault_bridge, aquarium_subvault_bridge],
          aquarium_window_2, aquarium_window_1, aquarium_view_2c,
          aquarium_balcony_5b, aquarium_pool_split
D:4:      wad_woods_pond, layout_basic, minmay_snake_closets, uniq_pikel
D:7:      layout_basic, minmay_misc_feat_encased, kennysheep_generic_room_9

Skill      XL: |  1  2  3  4  5 |
---------------+----------------+-----
Unarmed Combat | 1 2 3 4 |  4.8
Fighting       | 2 |  2.9
Throwing       | 1 2 3 |  3.2
Ranged Weapons | |  1.7
Dodging        | |  1.7
Spellcasting   | |  1.0
Hexes          | |  2.4

Action                     |  1- 3 |  4- 6 || total
---------------------------+-------+-------++-------
  Melee: Unarmed           |    95 |   196 ||   291
         Punch             |     1 |     7 ||     8
   Fire: Sling             |    36 |       ||    36
  Throw: Dart              |       |     2 ||     2
    Use: Scroll            |       |     1 ||     1
 Armour: Leather armour    |     2 |       ||     2
         Ring mail         |    43 |    68 ||   111
  Dodge: Dodged            |    71 |   113 ||   184
